 Dungeon Sprint DCSS version 0.30.0-29-ga12c61a403 (webtiles) character file.

Game seed: 16002684744749930807

17266 boopmooplesden the Fencer (level 12, -3/183 HPs)
             Began as a Green Draconian Berserker on June 24, 2023.
             Was the Champion of Trog.
             Killed from afar by a storm dragon (13 damage)
             ... with a bolt of lightning
             ... in the Dungeon (Sprint V: "Ziggurat Sprint").
             The game lasted 00:06:25 (1552 turns).

boopmooplesden the Fencer (DrBe)                    Turns: 1552, Time: 00:06:26

Health: -3/183     AC: 13    Str: 21    XL:     12   Next: 17%
Magic:  12/12      EV: 18    Int:  7    God:    Trog [******]
Gold:   0          SH: 33    Dex: 20    Spells: 11/11 levels left

rFire   . . .        O - +8 autumn katana {manifold assault}
rCold   + . .        u - +18 shield of the Gong {Loud rN+ Will+ rCorr EV-5}
rNeg    + + .        (body armour unavailable)
rPois   +            F - +2 hood of the Assassin {Detect Stab+ Stlth++}
rElec   +            w - +2 cloak {Stlth+}
rCorr   +            (no gloves)
SInv    .            (no boots)
Will    +....        (no amulet) Stlth
                     A - ring "Juuvicao" {rElec rC+ rN+}
HPRegen 0.50/turn    D - ring "Yskyjo Gisa" {Fly rPois Dex+5}
MPRegen 0.13/turn

%: no teleportation
@: berserking (expiring), flying, studying 2 skills, very quick
A: breathe noxious fumes, AC +8, unfitting armour, poison resistance,
cold-blooded
a: Breathe Noxious Fumes, Renounce Religion, Berserk, Trog's Hand, Brothers in
Arms


You were in the Dungeon.
You worshipped Trog.
Trog was exalted by your worship.
You visited 1 branch

Inventory:

Hand Weapons
 a - a +0 falchion
 v - the +11 Singing Sword {sonic wave}
   (You found it in the Dungeon)
 J - the +10 zealot's sword {holy, Zealotry, *Rage rN+ EV+3}
   (You found it in the Dungeon)

   Zealotry:  Whenever the wielder enters a berserk rage, their allies are
   berserked alongside them.
   EV:        It affects your evasion (+3).
   rN:        It protects you from negative energy.
   *Rage:     It berserks you when you make melee attacks (+20% chance).
 O - the +8 autumn katana (weapon) {manifold assault}
   (You found it in the Dungeon)
 R - the +9 long sword of War {heavy, rPois}
   (Trog gifted it to you in the Dungeon)

   rPois:     It protects you from poison.
Missiles
 B - a throwing net (quivered)
Armour
 u - the +18 shield of the Gong (worn) {Loud rN+ Will+ rCorr EV-5}
   (You found it in the Dungeon)

   Loud:      It is deafeningly noisy when blocking attacks.
   EV:        It affects your evasion (-5).
   rN:        It protects you from negative energy.
   rCorr:     It protects you from acid and corrosion.
   Will:      It increases your willpower.
 w - a +2 cloak of stealth (worn)
 F - the +2 hood of the Assassin (worn) {Detect Stab+ Stlth++}
   (You found it in the Dungeon)

   Detect:    It allows the wearer to sense nearby creatures.
   Stab+:     It allows the wearer to make particularly effective stabbing
   attacks against helpless or unaware enemies with any weapon.
   Stlth:     It makes you much more stealthy.
Jewellery
 n - a ring of flight
 o - a +6 ring of dexterity
 p - a +6 ring of dexterity
 q - a +6 ring of intelligence
 r - a +6 ring of intelligence
 s - a +6 ring of strength
 t - a +6 ring of strength
 z - a ring of magical power
 A - the ring "Juuvicao" (left hand) {rElec rC+ rN+}
   (You found it in the Dungeon)

   [ring of protection from cold]

   rC:        It protects you from cold.
   rElec:     It insulates you from electricity.
   rN:        It protects you from negative energy.
 D - the ring "Yskyjo Gisa" (right hand) {Fly rPois Dex+5}
   (You found it in the Dungeon)

   [ring of poison resistance]

   Dex:       It affects your dexterity (+5).
   rPois:     It protects you from poison.
   Fly:       It grants you flight.
 E - a ring of resist corrosion
 I - the ring "Doopsey" {rPois rF- Str+7 Int-5 Dex+6}
   (You found it in the Dungeon)

   [ring of dexterity]

   Str:       It affects your strength (+7).
   Int:       It affects your intelligence (-5).
   Dex:       It affects your dexterity (+6).
   rF:        It makes you vulnerable to fire.
   rPois:     It protects you from poison.
 L - an amulet of the acrobat
 M - a +6 ring of strength
 N - the amulet of Suspected Treachery {Faith rF+}
   (You found it in the Dungeon)

   [amulet of faith]

   It allows you to gain divine favour quickly.
   rF:        It protects you from fire.
 P - an amulet of guardian spirit
 Q - the ring "Joxekacw" {Drain rElec MP+9 Int+2 Slay+3}
   (You found it in the Dungeon)

   [ring of magical power]

   Int:       It affects your intelligence (+2).
   Slay:      It affects your accuracy & damage with ranged weapons and melee
   (+3).
   rElec:     It insulates you from electricity.
   MP:        It affects your magic capacity (+9).
   Drain:     It drains your maximum health when unequipped.
 S - the ring "Liuss" {EV+5 Int+3}
   (You found it in the Dungeon)

   [ring of evasion]

   EV:        It affects your evasion (+5).
   Int:       It affects your intelligence (+3).
Wands
 k - a wand of mindburst (7)
 l - a wand of iceblast (17)
 m - a wand of quicksilver (10)
 x - a wand of paralysis (11)
 C - a wand of polymorph (9)
 K - a wand of digging (4)
Scrolls
 g - 4 scrolls of blinking
 h - 7 scrolls of fog
 i - 5 scrolls of identify
 j - 2 scrolls of fear
 G - 3 scrolls of brand weapon
Potions
 b - a potion of curing
 c - a potion of heal wounds
 d - a potion of haste
 e - 2 potions of magic
 f - a potion of berserk rage
 H - a potion of might
Miscellaneous
 y - a phial of floods


   Skills:
 + Level 15.8 Fighting
 + Level 17.1 Long Blades
 + Level 15.4 Dodging
 + Level 3.0 Stealth
 + Level 15.4 Shields


You had 11 spell levels left.
You didn't know any spells.
Your spell library was empty.

Dungeon Overview and Level Annotations

Branches:
Dungeon (1/1)

Altars:
Ashenzari
Cheibriados
Dithmenos
Elyvilon
Fedhas
Gozag
Hepliaklqana
Kikubaaqudgha
Makhleb
Nemelex Xobeh
Okawaru
Qazlal
Ru
Sif Muna
Trog
Uskayaw
Vehumet
Wu Jian
Xom
Yredelemnul
Zin
The Shining One
Jiyva
Lugonu


Innate Abilities, Weirdness & Mutations

You can breathe blasts of noxious fumes.
Your lurid green scales are hard. (AC +8)
You cannot fit into any form of body armour.
Your system is resistant to poisons. (rPois)
You are cold-blooded and may be slowed by cold attacks.


Message History

* * * LOW HITPOINT WARNING * * *
You slice the air elemental!!
You feel the power of Trog in you as your rage grows.
You destroy the air elemental!
Trog accepts your kill. You block the air elemental's attack.
BONNNG!
You block the air elemental's attack.
BOUMMMMG!
You block the wind drake's attack.
GONNNNG!
You block the storm dragon's attack.
PTOANNNG!
The storm dragon closely misses you. The storm dragon tramples you.
* * * LOW HITPOINT WARNING * * *
You are shoved backwards!
The air elemental closely misses you.
The storm dragon breathes lightning at you.
The bolt of lightning hits the storm dragon.
The storm dragon completely resists.
The bolt of lightning misses you. The bolt of lightning hits you! You resist.
* * * LOW HITPOINT WARNING * * *
The air elemental barely misses you.
You slice the air elemental!!
The air elemental is almost destroyed.
You block the air elemental's attack.
SHROANNG!
You block the air elemental's attack.
GONNNNG!
You block the air elemental's attack.
PTOANNNG!
The air elemental fires a burst of electricity at you.
The stunning burst hits the storm dragon.
The storm dragon completely resists.
The stunning burst misses you.
The air elemental fires a burst of electricity at you.
The stunning burst misses you.
The storm dragon breathes lightning at you.
The bolt of lightning hits you! You resist.
* * * LOW HITPOINT WARNING * * *
The bolt of lightning hits you! You resist.
You die...

▓...|.[|")..▓.▓....▓.▓..
▓...)))"||..▓...©....▓..
▓...........▓▓▓▓▓▓▓▓▓▓▓▓
▓...........▓...8©8...▓.
▓...........▓....|....▓.
▓.....iD....▓....:....▓.
▓.....EEk...▓.........▓.
▓..▓.DEDE▓..▓.........▓.
▓.....E@....▓...))÷...▓.
▓.....©.....▓....))...▓.
▓▓▓▓▓▓▓▓▓▓▓▓▓.▓.....▓.▓.
▓....8©8....▓....©....▓.
▓../|=|:.[..▓▓▓▓▓▓▓▓▓▓▓▓
▓.../|=)[...▓...8©8...▓.
▓.......)...▓../[)[)..▓.
▓...........▓.....)...▓.
▓...........▓....))...▓.


You could see 3 storm dragons, a wind drake (repels missiles), a spriggan air
mage (repels missiles) and 5 air elementals.

Vanquished Creatures
  A blizzard demon (D)
  A spriggan air mage (D)
  2 dancing weapons (D)
  2 centaur warriors (D)
  A large abomination (D)
  2 pharaoh ants (D)
  A wretched star (D)
  2 spriggan druids (D)
  A steelbarb worm (D)
  A deep elf pyromancer (D)
  A wolf spider (D)
  3 cyclopes (D)
  A black mamba (D)
  A torpor snail (D)
  A freezing wraith (D)
  A cane toad (D)
  2 yaktaurs (D)
  3 rime drakes (D)
  An ice devil (D)
  A polar bear (D)
  2 hornets (D)
  2 merfolk (D)
  A blink frog (D)
  A tarantella (D)
  A flying skull (D)
  2 air elementals (D)
  2 culicivoras (D)
  3 spriggans (D)
  A wyvern (D)
  A yak (D)
  A golden eye (D)
  2 redbacks (D)
  2 water moccasins (D)
  2 orc warriors (D)
  3 black bears (D)
  4 wolves (D)
  5 centaurs (D)
  An earth elemental (D)
  A crimson imp (D)
  4 jellies (D)
  2 orc priests (D)
  An orc wizard (D)
  A river rat (D)
  2 shadow imps (D)
  5 white imps (D)
  3 ufetubi (D)
  An adder simulacrum (D)
  An orc (D)
  A bat skeleton (D)
  A jackal (D)
  A ball python simulacrum (D)
  A bat simulacrum (D)
90 creatures vanquished.

Vanquished Creatures (others)
  A spriggan air mage (D)
1 creature vanquished.

Grand Total: 91 creatures vanquished

Notes
Turn   | Place    | Note
-------+----------+-------------------------------------------
     0 | D        | boopmooplesden the Draconian Berserker began the quest for
                  | the Orb.
     0 | D        | Reached XP level 1. HP: 19/19 MP: 1/1
     2 | D        | Found a blossoming altar of Fedhas.
     2 | D        | Found the +6 Majin-Bo {spellvamp, MP+6 Int+6}
     2 | D        | Found the +27 heavy crossbow "Sniper" {heavy, Acc+∞ SInv}
     2 | D        | Found the +10 dark maul {heavy}
     2 | D        | Found the +15 Maxwell's patent armour {-Cast -Tele rElec
                  | Will+ rCorr}
     2 | D        | Found the +18 shield of the Gong {Loud rN+ Will+ rCorr
                  | EV-5}
     2 | D        | Found the +16 obsidian axe {drain, demonic, Mesm Drain Fly
                  | SInv}
     2 | D        | Found the +7 great mace "Firestarter" {flame, immolate,
                  | rFlCloud rF++}
     2 | D        | Found the +6 shillelagh "Devastator" {shatter}
     2 | D        | Found the +11 plutonium sword {Contam Stlth-}
     2 | D        | Found the +8 lance "Wyrmbane" {slay drac, rPois rF+ rC+
                  | AC+3}
     2 | D        | Found the +9 sword of Zonguldrok {reap}
     2 | D        | Found the +13 scythe of Curses {drain, curses, Drain}
     2 | D        | Found the +9 sword of Power {lifebolt}
     2 | D        | Found the +7 mace of Variability {chaos, chaos arc}
     2 | D        | Found the +11 Singing Sword {sonic wave}
     2 | D        | Found the +8 storm bow {elec, penet}
     3 | D        | Found a viscous altar of Jiyva.
     3 | D        | Found a transporter.
     3 | D        | Found a hazy altar of Hepliaklqana.
     3 | D        | Found an ancient bone altar of Kikubaaqudgha.
     3 | D        | Found an opulent altar of Gozag.
     3 | D        | Found a corrupted altar of Lugonu.
     4 | D        | Found a burning altar of Makhleb.
     5 | D        | Found a sacrificial altar of Ru.
     5 | D        | Found a shimmering blue altar of Sif Muna.
     5 | D        | Found a stormy altar of Qazlal.
     5 | D        | Found a bloodstained altar of Trog.
     5 | D        | Found an iron altar of Okawaru.
     5 | D        | Found a sparkling altar of Nemelex Xobeh.
    34 | D        | Entered arena 2.
    34 | D        | Noticed a spriggan
    34 | D        | Noticed a wolf
    34 | D        | Found a transporter.
    36 | D        | Killed a spriggan
    36 | D        | Killed a wolf
    37 | D        | Reached skill level 7 in Long Blades
    37 | D        | Reached XP level 2. HP: 32/35 MP: 2/2
    37 | D        | Reached XP level 3. HP: 36/40 MP: 3/3
    37 | D        | Reached XP level 4. HP: 44/48 MP: 4/4
    37 | D        | Reached XP level 5. HP: 48/53 MP: 5/5
   153 | D        | Entered arena 3.
   153 | D        | Noticed a wolf
   153 | D        | Found a transporter.
   156 | D        | Killed a wolf
   156 | D        | Reached ** piety under Trog
   157 | D        | Reached skill level 8 in Long Blades
   157 | D        | Reached XP level 6. HP: 62/62 MP: 6/6
   206 | D        | Entered arena 4.
   206 | D        | Noticed a deep elf pyromancer
   206 | D        | Noticed a +3 long sword of holy wrath
   206 | D        | Noticed a +5 dire flail of draining
   206 | D        | Found a transporter.
   211 | D        | Killed a +3 long sword of holy wrath
   211 | D        | Killed a deep elf pyromancer
   211 | D        | Reached *** piety under Trog
   212 | D        | Reached skill level 11 in Long Blades
   212 | D        | Reached skill level 1 in Shields
   212 | D        | Your scales start taking on a lurid green colour.
   212 | D        | Reached XP level 7. HP: 54/75 MP: 7/7
   212 | D        | Gained mutation: Your system is resistant to poisons.
                  | (rPois) [Green Draconian growth]
   212 | D        | Reached XP level 8. HP: 60/83 MP: 8/8
   214 | D        | Killed a +5 dire flail of draining
   215 | D        | Reached skill level 12 in Long Blades
   215 | D        | Reached skill level 10 in Dodging
   461 | D        | Entered arena 5.
   461 | D        | Found a transporter.
   465 | D        | Reached **** piety under Trog
   474 | D        | Got the ring "Juuvicao" {rElec rC+ rN+}
   478 | D        | Entered arena 6.
   478 | D        | Found a transporter.
   482 | D        | Reached XP level 9. HP: 92/92 MP: 9/9
   483 | D        | Reached ***** piety under Trog
   484 | D        | Reached skill level 13 in Long Blades
   533 | D        | Entered arena 7.
   533 | D        | Noticed a cyclops
   533 | D        | Noticed a merfolk
   533 | D        | Noticed a merfolk
   533 | D        | Noticed a cyclops
   534 | D        | Found a transporter.
   541 | D        | Killed a cyclops
   541 | D        | Received a gift from Trog
   541 | D        | Killed a merfolk
   542 | D        | Reached skill level 14 in Long Blades
   542 | D        | Killed a merfolk
   543 | D        | Reached skill level 1 in Stealth
   544 | D        | Killed a cyclops
   545 | D        | Reached skill level 5 in Shields
   552 | D        | Got the ring "Yskyjo Gisa" {Fly rPois Dex+5}
   580 | D        | Entered arena 8.
   580 | D        | Found the +2 hood of the Assassin {Detect Stab+ Stlth++}
   581 | D        | Found a transporter.
   589 | D        | Received a gift from Trog
   730 | D        | Entered arena 9.
   730 | D        | Noticed a spriggan druid
   731 | D        | Found a transporter.
   741 | D        | Reached XP level 10. HP: 64/102 MP: 10/10
   745 | D        | Received a gift from Trog
   746 | D        | Killed a spriggan druid
   747 | D        | Reached skill level 15 in Long Blades
  1012 | D        | Got the ring "Doopsey" {rPois rF- Str+7 Int-5 Dex+6}
  1020 | D        | Entered arena 10.
  1020 | D        | Found the +10 zealot's sword {holy, Zealotry, *Rage rN+
                  | EV+3}
  1020 | D        | Noticed a centaur warrior
  1020 | D        | Noticed a centaur warrior
  1020 | D        | Noticed a cyclops
  1021 | D        | Found a transporter.
  1026 | D        | Reached ****** piety under Trog
  1030 | D        | Received a gift from Trog
  1030 | D        | Killed a cyclops
  1031 | D        | Killed a centaur warrior
  1031 | D        | Killed a centaur warrior
  1032 | D        | Reached skill level 10 in Shields
  1106 | D        | Entered arena 11.
  1106 | D        | Noticed a large abomination
  1106 | D        | Noticed a wretched star
  1107 | D        | Found a transporter.
  1110 | D        | Received a gift from Trog
  1115 | D        | Killed a large abomination
  1116 | D        | Reached XP level 11. HP: 111/111 MP: 11/11
  1120 | D        | Killed a wretched star
  1120 | D        | Received a gift from Trog
  1207 | D        | Entered arena 12.
  1207 | D        | Noticed a blizzard demon
  1209 | D        | Found a transporter.
  1221 | D        | Received a gift from Trog
  1221 | D        | Killed a blizzard demon
  1299 | D        | Entered arena 13.
  1299 | D        | Found the +8 autumn katana {manifold assault}
  1299 | D        | Noticed a pharaoh ant
  1299 | D        | Noticed a steelbarb worm
  1300 | D        | Noticed a wolf spider
  1300 | D        | Noticed a pharaoh ant
  1303 | D        | Killed a pharaoh ant
  1303 | D        | Received a gift from Trog
  1304 | D        | Reached skill level 16 in Long Blades
  1307 | D        | Killed a pharaoh ant
  1308 | D        | Reached skill level 15 in Fighting
  1312 | D        | Identified the +9 long sword of War {heavy, rPois} (Trog
                  | gifted it to you in the Dungeon)
  1312 | D        | Received a gift from Trog
  1312 | D        | Killed a wolf spider
  1313 | D        | Killed a steelbarb worm
  1318 | D        | Found a transporter.
  1342 | D        | Got the amulet of Suspected Treachery {Faith rF+}
  1353 | D        | Got the ring "Joxekacw" {Drain rElec MP+9 Int+2 Slay+3}
  1398 | D        | Entered arena 14.
  1399 | D        | Noticed a spriggan air mage
  1399 | D        | Noticed a spriggan druid
  1402 | D        | Killed a spriggan druid
  1404 | D        | Found a transporter.
  1406 | D        | Received a gift from Trog
  1411 | D        | Killed a spriggan air mage
  1417 | D        | Reached skill level 15 in Dodging
  1425 | D        | Reached XP level 12. HP: 117/121 MP: 12/12
  1425 | D        | Received a gift from Trog
  1426 | D        | Reached skill level 15 in Shields
  1429 | D        | Reached skill level 17 in Long Blades
  1445 | D        | Got the ring "Liuss" {EV+5 Int+3}
  1533 | D        | Entered arena 15.
  1534 | D        | Noticed a spriggan air mage
  1534 | D        | Noticed a storm dragon
  1535 | D        | Noticed a storm dragon
  1535 | D        | Paralysed by an air elemental for 1 turns
  1535 | D        | Noticed a spriggan air mage
  1536 | D        | Noticed a storm dragon
  1545 | D        | Paralysed by an air elemental for 1 turns
  1547 | D        | Killed a spriggan air mage
  1552 | D        | Killed from afar by a storm dragon

Illustrated notes

Levels and vault maps discovered:
D:        sprint_v [room_start, room_1, room_2, room_3, room_4, room_5, room_6,
          room_7, room_8, room_9, room_10, room_11, room_12, room_13, room_14,
          room_15, room_16, room_17, room_18, room_19, room_20, room_21,
          room_22, room_23, room_24, room_25, room_26, room_27]

Skill      XL: |  1  2  3  4  5  6  7  8  9 10 11 12 |
---------------+-------------------------------------+-----
Fighting       | 8 11 12 13 14 15 | 15.8
Long Blades    | 7 8 11 12 14 15 16 17 | 17.1
Dodging        | 6 7 9 10 11 13 15 | 15.4
Shields        | 1 2 6 11 14 15 | 15.4
Stealth        | 1 3 |  3.0

Action                     |  1- 3 |  4- 6 |  7- 9 | 10-12 || total
---------------------------+-------+-------+-------+-------++-------
  Melee: Double sword      |     1 |     9 |    36 |    45 ||    91
         Tailslap          |       |     2 |     3 |    14 ||    19
         Katana            |       |       |       |    63 ||    63
 Invoke: Berserk           |       |     2 |     2 |     7 ||    11
 Armour: Skin              |       |       |    21 |    32 ||    53
  Dodge: Dodged            |       |     1 |    26 |    73 ||   100
  Block: Kite shield       |     1 |    10 |    83 |   197 ||   291
